 Dungeon Crawl Stone Soup version 0.31.0-11-ge490571c62 (webtiles) character file.

Game seed: 12920436603479294321

253865 howech the Slayer (level 19, -24/192 HPs)
             Began as a Minotaur Berserker on Jan 27, 2024.
             Was the Champion of Trog.
             Killed from afar by an ironbound thunderhulk (30 damage)
             ... with a bolt of lightning
             ... on level 1 of the Vaults.
             The game lasted 02:43:56 (41280 turns).

howech the Slayer (Minotaur Berserker)             Turns: 41280, Time: 02:43:58

Health: -24/192    AC: 39    Str: 24    XL:     19   Next: 0%
Magic:  5/6        EV: 18    Int:  6    God:    Trog [******]
Gold:   3544       SH:  0    Dex: 20    Spells: 18/18 levels left

rFire   + + .        b - +6 broad axe (antimagic)
rCold   . . .        M - +8 tower shield {rC+}
rNeg    . . .        X - +10 fire dragon scales of Pandemonium {rF++ rC- Dex+6}
rPois   +            V - +2 hat {SInv}
rElec   .            P - +2 cloak
rCorr   .            B - +5 pair of gloves of Dishonesty {+Blink}
SInv    +            F - +2 pair of boots
Will    +....        l - amulet of reflection Stlth
                     T - +4 ring of slaying
HPRegen 0.52/turn    R - ring of poison resistance
MPRegen 0.10/turn

%: reflection
@: confused, marked, on berserk cooldown, slowed, very slow
A: horns 2, retaliatory headbutt
}: 2/15 runes: decaying, gossamer
a: Renounce Religion, Evoke Blink, Berserk, Trog's Hand, Brothers in Arms


You were on level 1 of the Vaults.
You worshipped Trog.
Trog was exalted by your worship.
You visited 8 branches of the dungeon, and saw 35 of its levels.
You also visited: Gauntlet and Ice Cave.

You collected 3927 gold pieces.
You spent 383 gold pieces at shops.

Inventory:

Hand Weapons
 a - a +7 broad axe of flaming
 b - a +6 antimagic broad axe (weapon)
 J - a +0 broad axe of electrocution
 U - the +8 spear of Dullness {flame, rPois Dex+8}
   (You found it on level 1 of the Lair of Beasts)

   Dex+8:     It affects your dexterity (+8).
   rPois:     It protects you from poison
Missiles
 h - 13 atropa-tipped darts
 j - 3 silver javelins
 o - 6 javelins
 v - 14 boomerangs (quivered)
Armour
 n - a +1 hat of willpower
 B - the +5 pair of gloves of Dishonesty (worn) {+Blink}
   (You found it in a Gauntlet)

   +Blink:    It lets you blink.
 F - a +2 pair of boots (worn)
 I - the +8 plate armour of the Gardener {rC++ Will- Str+6}
   (You took it off a minotaur in a Gauntlet)

   Str+6:     It affects your strength (+6).
   rC++:      It greatly protects you from cold.
   Will-:     It decreases your willpower.
 M - a +8 tower shield of cold resistance (worn)
 P - a +2 cloak (worn)
 V - a +2 hat of see invisible (worn)
 X - the +10 fire dragon scales of Pandemonium (worn) {rF++ rC- Dex+6}
   (You found it in a Gauntlet)

   Dex+6:     It affects your dexterity (+6).
   rF++:      It greatly protects you from fire.
   rC-:       It makes you vulnerable to cold.
Jewellery
 l - an amulet of reflection (around neck)
 w - a ring of resist corrosion
 x - the ring of the Spinneret {*Slow Fly rF+ Str+5 Slay+2}
   (You took it off a deep elf zephyrmancer on level 1 of the Elven Halls)

   [ring of flight]

   Str+5:     It affects your strength (+5).
   Slay+2:    It affects your accuracy & damage with ranged weapons and melee
   (+2).
   rF+:       It protects you from fire.
   Fly:       It grants you flight.
   *Slow:     It may slow you when you take damage.
 G - a ring of positive energy
 R - a ring of poison resistance (right hand)
 S - a ring of willpower
 T - a +4 ring of slaying (left hand)
 Y - a ring of flight
Wands
 f - a wand of mindburst (24)
 y - a wand of iceblast (39)
 H - a wand of flame (85)
 K - a wand of paralysis (41)
 N - a wand of polymorph (19)
 O - a wand of digging (9)
 Q - a wand of acid (29)
Scrolls
 c - 4 scrolls of revelation
 d - 12 scrolls of identify
 e - 6 scrolls of fear
 m - 8 scrolls of fog
 p - 5 scrolls of immolation
 r - 12 scrolls of teleportation
 t - 2 scrolls of silence
 u - 9 scrolls of poison
 z - 4 scrolls of blinking
 E - a scroll of summoning
Potions
 g - 14 potions of curing
 i - a potion of invisibility
 k - 2 potions of cancellation
 q - 3 potions of resistance
 s - a potion of attraction
 A - a potion of might
 C - 5 potions of haste
 D - a potion of heal wounds
 L - 5 potions of enlightenment


   Skills:
 + Level 22.3 Fighting
 - Level 7.0 Long Blades
 - Level 18.0 Axes
 - Level 5.1 Throwing
 + Level 15.5 Armour
 + Level 14.7 Dodging
 + Level 15.4 Shields
 + Level 13.4 Evocations


You had 18 spell levels left.
You didn't know any spells.
Your spell library was empty.

Dungeon Overview and Level Annotations

Branches:
Dungeon (15/15)            Temple (1/1) D:5            Lair (5/5) D:11
  Swamp (4/4) Lair:2       Spider (4/4) Lair:3        Slime (0/5) Lair:5
    Orc (2/2) D:12            Elf (3/3) Orc:2        Vaults (1/5) D:13
 Depths (0/4) D:15          IceCv (visited)         Gauntlet (visited)

Altars:
Ashenzari
Cheibriados
Dithmenos
Elyvilon
Fedhas
Gozag
Hepliaklqana
Kikubaaqudgha
Makhleb
Nemelex Xobeh
Okawaru
Qazlal
Ru
Sif Muna
Trog
Uskayaw
Vehumet
Wu Jian
Xom
Yredelemnul
Zin
The Shining One
Jiyva

Shops:
D:3 *   D:6 (*(==   D:14 =   Orc:2 !((*   Elf:1 (

Annotations:
D:6 3 runed translucent doors, middlethird's ghost, novice VSCj
D:10 2 transporters, Bobbunny's ghost, journeyman FoFi
Swamp:2 3 runed translucent doors, zenocrate's ghost, adept VSEn
Elf:3 3 runed translucent doors, Theoretic's ghost, adept MiGl


Innate Abilities, Weirdness & Mutations

You have a pair of horns on your head.
You reflexively headbutt those who attack you in melee.


Message History

The bolt of lightning hits you!!!
* * * LOW HITPOINT WARNING * * *
The ironbound preserver hits you but does no damage.
The deep troll attacks as it pursues you!
The deep troll closely misses you.
The deep troll claws you but does no damage.
The deep troll closely misses you.
Items here: ))) [[ ††.
You are no longer berserk.
You are exhausted.
You feel yourself slow down.
Items here: )) [[ ††.
Unknown command.
Unknown command.
You feel much better.
The yaktaur wields a +0 arbalest.
The yaktaur shoots a bolt.
The bolt hits you but does no damage.
The ironbound preserver gestures wildly while chanting.
The ironbound preserver begins to accept its allies' injuries.
The deep troll closely misses you. The deep troll completely misses you.
The deep troll claws you but does no damage.
The glowing orange brain pulsates.
Something gnaws on your mind!
* * * LOW HITPOINT WARNING * * *
You feel your power leaking away.
Electricity crackles from the ironbound thunderhulk's apparatus.
The bolt of lightning hits you!!
* * * LOW HITPOINT WARNING * * *
The ironbound preserver hits you but does no damage.
Unknown command.
Unknown command.
You are too confused!
Unknown command.
Okay, then.
You closely miss the deep troll. You headbutt the deep troll!
The deep troll is heavily wounded.
You slice the ironbound preserver!!
The ironbound preserver's magic leaks into the air.
Electricity crackles from the ironbound thunderhulk's apparatus.
The bolt of lightning hits you!!
You die...

' ..p ...# ..... .....
...... #### ##
.....C#############..####.
.....O)TT@).......'..'..'.
......Gcp)))......#..#..##
......##############'####.
...... #..#.'. .....
#).#### ..... ##'##..#
...# #...'..' ... #...####
##### #


You could see an ironbound preserver (magic disrupted), an ironbound thunderhulk
(sheltered), an ettin (sheltered), a glowing orange brain (sheltered), 2 deep
trolls and a yaktaur (sheltered).

Vanquished Creatures
  Nikola (Swamp:4)
  A tentacled monstrosity (Swamp:4)
  Asterion (Spider:4)
  3 deep elf blademasters
  2 thorn hunters (Swamp:4)
  Kirke (Lair:3)
  Roxanne (Swamp:2)
  Aizul (Swamp:4)
  2 fenstrider witches
  A tengu reaver (Vaults:1)
  A fire giant (Vaults:1)
  3 deep elf sorcerers (Elf:3)
  4 ghost moths (Spider:4)
  3 emperor scorpions
  2 deep elf elementalists
  3 broodmothers
  6 eleionomae
  A deep elf demonologist (Elf:3)
  A deep elf death mage (Elf:3)
  3 deep elf annihilators
  2 bunyips
  A minotaur (Gauntlet)
  2 fire dragons
  2 ettins
  Snorg (Lair:4)
  2 entropy weavers (Spider:2)
  2 deep elf high priests
  A rakshasa (D:15)
  A shambling mangrove (Swamp:4)
  A yaktaur captain (Vaults:1)
  6 vault guards (Vaults:1)
  2 ice dragons
  3 ogre magi
  5 alligators
  19 hydras
  A peacekeeper (Vaults:1)
  A ghost crab (Swamp:3)
  A jorogumo (Spider:3)
  3 radroaches
  2 boulder beetles
  26 dancing weapons
  2 death yaks
  11 two-headed ogres
  11 centaur warriors
  2 demonic crawlers
  2 death scarabs (Gauntlet)
  A hell hog (Lair:5)
  Urug (Orc:1)
  A fire crab (Lair:3)
  7 pharaoh ants
  2 skysharks
  5 deep elf knights (Elf:2)
  5 goliath frogs
  2 deep trolls (Orc:2)
  3 spriggan druids (Swamp:3)
  A sun moth (Spider:2)
  4 orb spiders
  7 steelbarb worms
  7 deep elf archers
  9 bog bodies
  2 arcanists (Vaults:1)
  A spectral hydra (Gauntlet)
  An ironbound convoker (Vaults:1)
  13 swamp dragons
  A necromancer (IceCv)
  An orc knight (Orc:2)
  19 wolf spiders
  21 deep elf zephyrmancers
  2 will-o-the-wisps
  An orc sorcerer (Elf:2)
  27 deep elf pyromancers
  7 ugly things
  3 manticores
  A worldbinder (Gauntlet)
  6 cyclopes
  Maurice (D:7)
  5 meliai (Spider:4)
  10 slime creatures
  2 moths of wrath
  Joseph (D:8)
  2 elephants
  3 black mambas
  A gargoyle (D:13)
  2 ice statues (IceCv)
  5 cane toads
  An unseen horror (D:10)
  A vault sentinel (Vaults:1)
  5 torpor snails
  Jeremiah (Lair:1)
  3 rime drakes
  A kobold demonologist (D:11)
  7 komodo dragons
  3 efreet
  2 anaconda simulacra (IceCv)
  6 ice devils (IceCv)
  2 freezing wraiths
  A bloated husk (Swamp:2)
  A polar bear (shapeshifter) (D:15)
  18 tyrant leeches
  15 trolls
  16 hornets
  10 polar bears (Lair:5)
  19 tarantellas
  11 blink frogs
  Prince Ribbit (D:8)
  4 raiju (Lair:5)
  9 dream sheep
  A shadow (D:9)
  35 jumping spiders
  A vampire (D:13)
  3 air elementals (Elf:1)
  21 culicivoras
  6 wyverns
  3 water elementals
  5 dire elephant simulacra (IceCv)
  6 hogs
  7 spriggans
  44 yaks
  4 fire elementals
  6 wargs
  5 steam dragons
  19 vampire mosquitoes
  12 basilisks
  53 redbacks
  18 swamp worms
  2 harpy simulacra (IceCv)
  11 water moccasins
  2 acid dragons
  A hydra simulacrum (IceCv)
  13 hell hounds (Lair:5)
  16 orc warriors
  8 swamp drakes
  A spectral torpor snail (Gauntlet)
  14 black bears
  An ice beast (D:5)
  3 laughing skulls (Gauntlet)
  19 centaurs
  25 ogres
  A boggart (Gauntlet)
  13 wolves (Lair:5)
  2 phantoms
  2 kobold brigands
  11 bullfrogs
  2 earth elementals
  2 scorpions
  2 gnoll sergeants
  2 two-headed ogre simulacra (IceCv)
  12 wights
  An elephant simulacrum (IceCv)
  4 killer bees (D:8)
  3 bombardier beetles
  An electric eel (Spider:2)
  4 howler monkeys
  5 hounds
  3 jellies
  A gnoll bouda (D:5)
  14 orc priests
  3 iron imps (D:4)
  2 sleepcaps (D:5)
  5 iguanas
  21 orc wizards
  6 hell rats (Lair:3)
  12 gnolls
  4 adders
  2 shadow imps
  15 white imps
  3 ufetubi
  2 dart slugs
  2 ribbon worms (D:5)
  88 orcs
  2 endoplasms
  7 hobgoblins
  2 jackals (D:1)
  8 quokkas
  9 ball pythons
  2 bats
  7 goblins
  13 kobolds
  9 rats
1157 creatures vanquished.

Vanquished Creatures (others)
  An ogre mage (Vaults:1)
  A deep elf knight (Elf:2)
  2 deep elf zephyrmancers
  3 bloated husks
  An air elemental (Elf:3)
  A water elemental (Elf:3)
  An orc wizard (Orc:1)
  2 foxfires (Swamp:2)
12 creatures vanquished.

Grand Total: 1169 creatures vanquished

Notes
Turn   | Place    | Note
-------+----------+-------------------------------------------
     0 | D:1      | howech the Minotaur Berserker began the quest for the Orb.
     0 | D:1      | Reached XP level 1. HP: 19/19 MP: 0/0
   349 | D:1      | Reached XP level 2. HP: 27/27 MP: 1/1
   714 | D:1      | Reached ** piety under Trog
   851 | D:1      | Reached XP level 3. HP: 26/33 MP: 2/2
  1522 | D:2      | Reached skill level 1 in Shields
  1569 | D:2      | Reached skill level 1 in Throwing
  1924 | D:3      | Found a shadowy altar of Dithmenos.
  2072 | D:3      | Reached skill level 4 in Fighting
  2072 | D:3      | Reached XP level 4. HP: 34/40 MP: 3/3
  2094 | D:3      | Found an opulent altar of Gozag.
  2094 | D:3      | Found Gozag's Platinum Reserve.
  2540 | D:3      | Reached skill level 1 in Evocations
  2540 | D:3      | Reached XP level 5. HP: 31/46 MP: 4/4
  3300 | D:4      | Reached skill level 5 in Axes
  3398 | D:4      | Reached *** piety under Trog
  3461 | D:4      | Reached XP level 6. HP: 53/53 MP: 5/5
  3597 | D:4      | Found a burning altar of Makhleb.
  3963 | D:4      | Reached XP level 7. HP: 50/60 MP: 6/6
  4203 | D:4      | Found a sparkling altar of Nemelex Xobeh.
  4301 | D:5      | Entered Level 5 of the Dungeon
  4334 | D:5      | Found a staircase to the Ecumenical Temple.
  4346 | Temple   | Entered the Ecumenical Temple
  4514 | D:5      | Reached skill level 5 in Fighting
  4798 | D:5      | Reached XP level 8. HP: 64/68 MP: 7/7
  5048 | D:6      | Found Fuireshur's Antique Weapon Boutique.
  5095 | D:5      | Reached **** piety under Trog
  5096 | D:5      | Reached skill level 5 in Armour
  5255 | D:6      | Found Heirit's Firing Range.
  5590 | D:6      | Reached skill level 6 in Fighting
  5709 | D:6      | Bought a masterwork long sword for 263 gold pieces
  5709 | D:6      | Identified the +6 long sword "Anwur" {drain, rN+ SInv} (You
                  | bought it in a shop on level 6 of the Dungeon)
  5811 | D:6      | Found Hive's General Store.
  5940 | D:6      | Found a runed translucent gate.
  5942 | D:6      | Found a runed translucent gate.
  5961 | D:6      | Noticed middlethird's ghost (novice VSCj)
  5985 | D:6      | Found a runed translucent gate.
  5991 | D:6      | Reached XP level 9. HP: 70/75 MP: 8/8
  6011 | D:6      | Found Yntottur's Jewellery Boutique.
  6066 | D:6      | Found a stormy altar of Qazlal.
  6143 | D:6      | Reached skill level 5 in Dodging
  6146 | D:6      | Found a shimmering blue altar of Sif Muna.
  6180 | D:6      | Found Joesch's Jewellery Shop.
  6226 | D:7      | HP: 3/75 [water moccasin (5)]
  6447 | D:7      | Reached skill level 1 in Long Blades
  6757 | D:7      | Noticed Maurice
  6765 | D:7      | Maurice stole 332 gold
  6765 | D:7      | Maurice stole 20 poisoned darts
  6769 | D:7      | Maurice stole a +1 trident of flaming
  6790 | D:7      | Maurice stole a ring of positive energy
  6800 | D:7      | Killed Maurice
  6801 | D:7      | Reached skill level 5 in Shields
  7159 | D:7      | Identified the +6 trident "Enorac" {flame, *Noise rN+
                  | Dex+4}
  7492 | D:8      | Noticed Joseph
  7522 | D:8      | Killed Joseph
  7523 | D:8      | Reached skill level 7 in Fighting
  7911 | D:8      | Reached XP level 10. HP: 81/86 MP: 9/9
  7988 | D:8      | Noticed Prince Ribbit
  8005 | D:8      | Killed Prince Ribbit
  8051 | D:8      | Found a hide-covered altar of Uskayaw.
  8304 | D:9      | Found a broken altar of Ashenzari.
  8412 | D:9      | Reached skill level 5 in Throwing
  8722 | D:9      | Found an ornate altar of the Wu Jian Council.
  9559 | D:10     | Entered Level 10 of the Dungeon
  9602 | D:10     | Reached ***** piety under Trog
  9603 | D:10     | Reached skill level 10 in Axes
  9706 | D:10     | Found a transporter.
  9714 | D:10     | Noticed a moth of wrath
  9779 | D:10     | Noticed Bobbunny's ghost (journeyman FoFi)
  9793 | D:10     | Found a transporter.
  9959 | D:10     | Found an ancient bone altar of Kikubaaqudgha.
  9959 | D:10     | Noticed a two-headed ogre
  9971 | D:10     | Killed a two-headed ogre
  9972 | D:10     | Reached skill level 8 in Fighting
 10167 | D:10     | Reached skill level 5 in Evocations
 10171 | D:10     | Reached XP level 11. HP: 84/94 MP: 10/10
 10456 | D:11     | Identified the +11 dagger of the Nine Suns {freeze, *Rage
                  | rPois Str+2 Int+3}
 10456 | D:11     | Noticed a brown ugly thing
 10459 | D:11     | Noticed a white ugly thing
 10472 | D:11     | Killed a brown ugly thing
 10473 | D:11     | Reached skill level 5 in Long Blades
 10494 | D:11     | Killed a white ugly thing
 10600 | D:11     | Found a staircase to the Lair.
 10847 | D:11     | Noticed a two-headed ogre
 10861 | D:11     | Killed a two-headed ogre
 11201 | D:11     | Found a radiant altar of Vehumet.
 11448 | Lair:1   | Entered Level 1 of the Lair of Beasts
 11463 | Lair:1   | Identified the +8 spear of Dullness {flame, rPois Dex+8}
 11497 | Lair:1   | Reached skill level 9 in Fighting
 11871 | D:11     | Received a gift from Trog
 12021 | Lair:1   | Noticed Jeremiah
 12409 | Lair:1   | Killed Jeremiah
 13227 | Lair:2   | Noticed a five-headed hydra
 13236 | Lair:2   | Killed a one-headed hydra
 13237 | Lair:2   | Reached XP level 12. HP: 98/105 MP: 11/11
 13372 | Lair:2   | Found a staircase to the Swamp.
 13372 | Lair:2   | Noticed an eleionoma
 13383 | Lair:2   | Killed an eleionoma
 13507 | Lair:2   | Found a gate leading to a gauntlet.
 13516 | Gauntlet | Entered a Gauntlet
 13516 | Gauntlet | Found a transporter.
 13525 | Gauntlet | Found a transporter.
 13527 | Gauntlet | Found a transporter.
 13529 | Gauntlet | Found a transporter.
 13573 | Gauntlet | Found a transporter.
 13583 | Gauntlet | Found a transporter.
 13585 | Gauntlet | Noticed a quicksilver ooze
 13588 | Gauntlet | Found a transporter.
 13605 | Gauntlet | Found a transporter.
 13622 | Gauntlet | Found a transporter.
 13630 | Gauntlet | Noticed a death scarab
 13634 | Gauntlet | Found a transporter.
 13641 | Gauntlet | Noticed a death scarab
 13646 | Gauntlet | Found a transporter.
 13658 | Gauntlet | Found a transporter.
 13667 | Gauntlet | Noticed a dire elephant
 13670 | Gauntlet | Found a transporter.
 13687 | Gauntlet | Found a transporter.
 13704 | Gauntlet | Found a transporter.
 13706 | Gauntlet | Found a transporter.
 13738 | Gauntlet | Found a transporter.
 13740 | Gauntlet | Found a transporter.
 13807 | Gauntlet | Noticed a white very ugly thing
 13807 | Gauntlet | Noticed an ironbound thunderhulk
 13818 | Gauntlet | Noticed a death scarab
 14075 | Gauntlet | Killed a death scarab
 14076 | Gauntlet | Killed a death scarab
 14103 | Gauntlet | Identified the +5 pair of gloves of Dishonesty {+Blink}
 14189 | Gauntlet | Identified the +8 plate armour of the Gardener {rC++ Will-
                  | Str+6}
 14189 | Gauntlet | Noticed a minotaur
 14203 | Gauntlet | Killed a minotaur
 14204 | Gauntlet | Reached skill level 10 in Fighting
 14231 | Gauntlet | Identified the +10 fire dragon scales of Pandemonium {rF++
                  | rC- Dex+6}
 14927 | Lair:3   | Found a hole to the Spider Nest.
 14962 | Lair:3   | You fall into a shaft and drop 2 floors!
 14962 | Lair:5   | Entered Level 5 of the Lair of Beasts
 15165 | Lair:5   | Found a stormy altar of Qazlal.
 15249 | Lair:4   | Reached skill level 10 in Armour
 15313 | Lair:4   | Noticed Snorg
 15337 | Lair:4   | Killed Snorg
 15637 | Lair:4   | Noticed Kirke
 15682 | Lair:3   | Killed Kirke
 15823 | Lair:3   | Reached XP level 13. HP: 105/114 MP: 12/12
 16669 | Lair:3   | Reached skill level 11 in Fighting
 16669 | Lair:3   | Reached skill level 10 in Shields
 17313 | Lair:4   | Identified a scroll of acquirement
 17315 | Lair:4   | Acquired a manual of Fighting
 17623 | Lair:4   | Reached skill level 15 in Axes
 17626 | Lair:4   | Reached skill level 10 in Dodging
 18107 | Lair:5   | Reached skill level 12 in Fighting
 18197 | Lair:5   | Found a staircase to the Slime Pits.
 18197 | Lair:5   | Found a viscous altar of Jiyva.
 18254 | Lair:5   | Received a gift from Trog
 18677 | Lair:5   | Reached skill level 13 in Fighting
 18990 | Lair:5   | Reached skill level 14 in Fighting
 19028 | Lair:5   | Reached XP level 14. HP: 132/132 MP: 13/13
 19529 | Lair:5   | Received a gift from Trog
 19961 | D:12     | Reached skill level 15 in Fighting
 20463 | D:12     | Found a staircase to the Orcish Mines.
 20898 | D:13     | Found a gate to the Vaults.
 21364 | D:13     | Reached skill level 16 in Fighting
 21859 | D:14     | Identified the +8 flail of Alyrph {venom, rF++ Int+3}
 22194 | D:14     | Received a gift from Trog
 22553 | D:14     | Found Pitoci's Jewellery Shoppe.
 22609 | D:15     | Entered Level 15 of the Dungeon
 22622 | D:15     | Reached skill level 17 in Fighting
 22981 | D:15     | Found a hide-covered altar of Uskayaw.
 23811 | D:15     | Found a staircase to the Depths.
 24089 | Orc:1    | Entered Level 1 of the Orcish Mines
 24091 | Orc:1    | Noticed Urug
 24098 | Orc:1    | Reached skill level 18 in Fighting
 24105 | Orc:1    | Killed Urug
 24551 | Orc:2    | Entered Level 2 of the Orcish Mines
 24551 | Orc:2    | Found a frozen archway.
 24569 | Orc:2    | Received a gift from Trog
 24577 | Orc:2    | Reached XP level 15. HP: 147/149 MP: 14/14
 24593 | Orc:2    | Found Hexusep's Antique Weapon Shoppe.
 24616 | Orc:2    | Reached skill level 19 in Fighting
 24618 | Orc:2    | Found Archyixick's Assorted Antiques.
 24619 | Orc:2    | Found Unnioj's Distillery.
 24620 | Orc:2    | Found Qamnuopu's Weapon Shop.
 24632 | Orc:2    | Bought a potion of heal wounds for 75 gold pieces
 24632 | Orc:2    | Bought a potion of curing for 45 gold pieces
 24655 | IceCv    | Entered an ice cave
 25082 | Orc:2    | Found a staircase to the Elven Halls.
 25318 | Orc:2    | Found a shimmering altar of Xom.
 25356 | Orc:1    | Reached ****** piety under Trog
 25356 | Orc:1    | Received a gift from Trog
 25901 | Spider:1 | Entered Level 1 of the Spider Nest
 26504 | Spider:1 | Reached skill level 10 in Evocations
 26617 | Spider:1 | You fall into a shaft and drop 1 floor!
 27285 | Spider:4 | Entered Level 4 of the Spider Nest
 27291 | Spider:4 | Noticed Asterion
 27306 | Spider:4 | Killed Asterion
 27835 | Spider:4 | Received a gift from Trog
 27836 | Spider:4 | Reached XP level 16. HP: 151/162 MP: 15/15
 28002 | Spider:4 | Identified the +0 hand axe "Mosouq" {holy, Str+2 SInv}
 28063 | Spider:4 | Reached skill level 20 in Fighting
 28758 | Spider:4 | Got a gossamer rune of Zot
 29277 | Spider:3 | Received a gift from Trog
 29794 | Spider:2 | Identified the +1 leather armour of Xuum {rCorr}
 30921 | Spider:1 | Received a gift from Trog
 31205 | Swamp:1  | Entered Level 1 of the Swamp
 31338 | Swamp:4  | Entered Level 4 of the Swamp
 31463 | Swamp:4  | Identified the serpent talisman of Hepliaklqana's Reproof
                  | {Dex+2}
 31463 | Swamp:4  | Noticed Aizul
 31478 | Swamp:4  | Killed Aizul
 31613 | Swamp:4  | Reached XP level 17. HP: 42/172 MP: 16/16
 31833 | Swamp:4  | Noticed a tentacled monstrosity
 31846 | Swamp:4  | Killed a tentacled monstrosity
 31997 | Swamp:4  | Noticed Nikola
 32019 | Swamp:4  | Killed Nikola
 32565 | Swamp:4  | Reached skill level 21 in Fighting
 32790 | Swamp:4  | Received a gift from Trog
 32980 | Swamp:4  | Got a decaying rune of Zot
 33824 | Swamp:2  | Noticed Roxanne
 33840 | Swamp:2  | Killed Roxanne
 34067 | Swamp:2  | Paralysed by a fenstrider witch for 4 turns
 34347 | Swamp:2  | Found a runed translucent gate.
 34349 | Swamp:2  | Found a runed translucent gate.
 34349 | Swamp:2  | Noticed zenocrate's ghost (adept VSEn)
 34350 | Swamp:2  | Found a runed translucent gate.
 34352 | Swamp:2  | Noticed a tentacled monstrosity
 34355 | Swamp:2  | Identified the +9 battleaxe of Glory {elec, Int+2}
 35037 | Swamp:1  | Received a gift from Trog
 35549 | Elf:1    | Entered Level 1 of the Elven Halls
 35551 | Elf:1    | Paralysed by an air elemental for 1 turns
 36302 | Elf:1    | Reached XP level 18. HP: 171/182 MP: 17/17
 36504 | Elf:1    | Found Gohumecet's Weapon Boutique.
 36737 | Elf:1    | Identified the +7 falchion of Boempoy {flame, rPois Will+
                  | Dex-5} (Trog gifted it to you on level 1 of the Elven
                  | Halls)
 36737 | Elf:1    | Received a gift from Trog
 36973 | Elf:1    | Identified the ring of the Spinneret {*Slow Fly rF+ Str+5
                  | Slay+2}
 38259 | Elf:2    | Found a runed translucent gate.
 38259 | Elf:2    | Found a runed translucent gate.
 38259 | Elf:2    | Found a runed translucent gate.
 38607 | Elf:2    | Received a gift from Trog
 39412 | Elf:3    | Entered Level 3 of the Elven Halls
 39415 | Elf:3    | Found a runed translucent gate.
 39415 | Elf:3    | Found a runed translucent gate.
 39415 | Elf:3    | Found a runed translucent gate.
 39416 | Elf:3    | Noticed Theoretic's ghost (adept MiGl)
 39500 | Elf:3    | Reached skill level 22 in Fighting
 39528 | Elf:3    | Reached skill level 15 in Armour
 39845 | Elf:3    | Reached skill level 15 in Shields
 40485 | Elf:3    | Noticed a Hell Sentinel
 40557 | Elf:3    | Noticed a Hell Sentinel
 40558 | Elf:3    | Noticed an Ice Fiend
 41153 | Vaults:1 | Entered Level 1 of the Vaults
 41229 | Vaults:1 | Received a gift from Trog
 41261 | Vaults:1 | Paralysed by an ogre mage for 5 turns
 41275 | Vaults:1 | Reached XP level 19. HP: 55/192 MP: 6/18
 41279 | Vaults:1 | HP: 6/192 [ironbound thunderhulk/bolt of lightning (27)]
 41280 | Vaults:1 | Killed from afar by an ironbound thunderhulk

Illustrated notes

Levels and vault maps discovered:
D:1:      psy_arrival_radial02, layout_basic, minmay_hexomino_r4
D:2:      layout_loops_cross
D:3:      layout_basic, mainiacjoe_overflow_24_doors,
          nicolae_gozag_zags_fifth_avenue, kennysheep_orc_chapel
D:4:      layout_basic, nicolae_overflow_crystal_walls, demons_altar,
          kennysheep_generic_room_16
D:5:      minmay_general_purpose_star, layout_rooms,
          minmay_temple_entry_offerings
D:6:      layout_rooms, mainiacjoe_overflow_alcove_1, tgw_sif, serial_shops,
          shop, shop, kennysheep_little_box, nicolae_shop_gibbet_a_chance,
          gammafunk_ghost_icy, minivault_10, hangedman_abyss_or_decor_stagger,
          nicolae_shop_firing_range
D:7:      layout_loops_corners, uniq_maurice
D:8:      layout_cave_pools, mainiacjoe_overflow_boulevard, uniq_joseph,
          uniq_prince_ribbit1
D:9:      wander_river, layout_cave_pods, mainiacjoe_overflow_tiny_flanked,
          mainiacjoe_overflow_surrounded_room, minmay_statues_item
D:10:     layout_roguey, kiku_gazebo_pond_becter,
          gammafunk_ghost_berserking_beasts, hangedman_decor_slide_cut
D:11:     layout_basic, grunt_lair_entry_orc_guard_hut,
          nicolae_vehumet_altar_sigil
D:12:     layout_basic, david_orc_5
D:13:     layout_loops_cross
D:14:     layout_loops_ring, serial_shops, shop
D:15:     grunt_enter_depths_hoard, layout_loops_corners, serial_park_avenue1,
          nicolae_uskayaw_en_pointe
Temple:   hellmonk_temple_two_chambers
Lair:1:   layout_regular_city, uniq_jeremiah
Lair:2:   layout_gridlike, alex1729_swamp_entry_worm_eleionoma,
          gauntlet_entry_generic, serial_rivers, chequers_serial_rivers_small_a,
          chequers_serial_rivers_marsh, chequers_serial_rivers_micro_e,
          chequers_serial_rivers_large_a
Lair:3:   layout_cave_pods, nicolae_spider_entry_lesser_pyramids, special_room
          [special_room_mythical_zoo], infiniplex_staircase_pool
Lair:4:   layout_regular_city, hangedman_lair_generics_rect, lemuel_fruit_tree,
          uniq_snorg, uniq_kirke
Lair:5:   hangedman_lair_caniforms_friends, layout_cave_pods,
          guppyfry_lair_end_dragon, slime_entry_1, basic_altar
Swamp:1:  layout_basic_swamp, nicolae_swamp_very_dense_foliage,
          nicolae_swamp_vermiculated
Swamp:2:  layout_basic_swamp, gammafunk_ghost_split,
          evilmike_swamp_ruin_house_4, hangedman_swamp_blocks, uniq_roxanne
Swamp:3:  layout_basic_swamp, hangedman_swamp_ruin_wall
Swamp:4:  swamp_basic_johnstein, layout_basic_swamp, uniq_nikola, uniq_aizul
Spider:1: layout_cave_pods, spiders_nest_spider_trap
Spider:2: layout_spider_delve
Spider:3: layout_cave_pods
Spider:4: grunt_spider_rune_parallel, spiders_nest_hornet_nest, uniq_asterion
Orc:1:    layout_diamond_mine, basic_altar, uniq_urug
Orc:2:    st_orc_open, layout_diamond_mine, basic_altar,
          portal_ice_cave_entry_imps
Elf:1:    nicolae_elf_arrival_aired_out, layout_onion_city, serial_shops, shop,
          serial_co_window_serial, co_window_cross_1, co_window_paths_a,
          co_window_of_opportunity_a, co_window_corner_a, co_window_paths_a,
          co_window_corner_b, co_window_corner_b, co_window_2corner,
          co_window_corner_cb, co_window_corner_b, co_window_4corner_b,
          kennysheep_underground_church
Elf:2:    elven_hall_of_blades_hangedman_original [nicolae_blade_bullseye],
          layout_loops_cross, minmay_crystal_room, minivault_19,
          minmay_elf_annihilation
Elf:3:    minmay_elf_hall_not_hex, layout_geoelf_diagonals,
          gammafunk_ghost_tricky_traps
Vaults:1: nicolae_vaults_offset_grid_hallway_3,
          nicolae_vaults_network_periphery, nicolae_vaults_trapezoid_4,
          nicolae_vaults_little_squares_1, st_greater_box_1, vaults_room_grid,
          nicolae_vaults_three_branches, nicolae_vaults_little_squares_3,
          nicolae_vaults_house_2, hangedman_vaults_cutoff, vaults_dpeg_diagonal,
          layout_vaults_omnibox, enter_trove_1

Skill      XL: |  1  2  3  4  5  6  7  8  9 10 11 12 13 14 15 16 17 18 |
---------------+-------------------------------------------------------+-----
Axes           | 4 5 6 7 9 10 12 14 16 17 18 | 18.0
Armour         | 3 4 5 6 7 8 10 11 12 14 15 | 15.5
Shields        | 1 2 3 4 5 6 8 9 10 11 12 14 15 | 15.4
Throwing       | 1 2 3 4 5 |  5.1
Fighting       | 4 5 6 7 8 9 10 14 18 19 20 21 22 | 22.3
Evocations     | 1 2 3 4 5 7 8 10 11 12 13 | 13.4
Dodging        | 3 4 5 6 8 9 10 12 13 14 | 14.7
Long Blades    | 3 4 6 7 |  7.0

Action                     |  1- 3 |  4- 6 |  7- 9 | 10-12 | 13-15 | 16-18 | 19-21 || total
---------------------------+-------+-------+-------+-------+-------+-------+-------++-------
  Melee: Hand axe          |    91 |   133 |   165 |       |       |       |       ||   389
         Headbutt          |     9 |    27 |    61 |   103 |   210 |   286 |     2 ||   698
         Punch             |       |     2 |       |       |       |       |       ||     2
         Long sword        |       |       |   135 |   328 |       |       |       ||   463
         Trident           |       |       |     1 |       |       |       |       ||     1
         Broad axe         |       |       |       |   199 |   888 |  1111 |     2 ||  2200
         Spear             |       |       |       |       |     5 |       |       ||     5
  Throw: Boomerang         |       |       |    24 |    84 |    65 |   104 |       ||   277
         Dart              |       |       |     4 |       |       |       |       ||     4
         Javelin           |       |       |     2 |     1 |       |       |       ||     3
 Invoke: Berserk           |       |     2 |     4 |     5 |     4 |     4 |       ||    19
         Trog's Hand       |       |       |     2 |     8 |     3 |     3 |       ||    16
  Evoke: Wand              |       |       |       |       |     2 |     3 |       ||     5
    Use: Scroll            |     3 |     1 |     5 |    16 |    25 |    11 |       ||    61
         Potion            |       |       |     3 |     1 |     1 |     2 |     1 ||     8
   Stab: Distracted        |       |       |       |       |     1 |       |       ||     1
 Armour: Animal skin       |     5 |       |       |       |       |       |       ||     5
         Leather armour    |    42 |    36 |       |       |       |       |       ||    78
         Plate armour      |       |    61 |   298 |   487 |   556 |       |       ||  1402
         Fire dragon scale |       |       |       |       |    51 |   427 |     8 ||   486
  Dodge: Dodged            |    63 |    46 |   135 |   244 |   266 |   252 |     5 ||  1011
  Block: Buckler           |       |       |    73 |   117 |       |       |       ||   190
         Kite shield       |       |       |       |   113 |   382 |       |       ||   495
         Reflection        |       |       |       |       |    16 |   101 |       ||   117
         Tower shield      |       |       |       |       |   260 |  1620 |     4 ||  1884
